 Dungeon Crawl Stone Soup version 0.20-a0-959-gdc9e609 (webtiles) character file.

271 JeffiDaFish the Firebug (level 6, 0/46 HPs)
             Began as a Draconian Fire Elementalist on Apr 6, 2017.
             Slain by an orc priest
             ... wielding a +0 club
              (1 damage)
             ... on level 3 of the Dungeon.
             The game lasted 00:13:31 (3288 turns).

JeffiDaFish the Firebug (DrFE)                      Turns: 3288, Time: 00:13:31

Health: 0/46       AC: 10    Str: 10    XL:     6   Next: 2%
Magic:  8/10       EV: 13    Int: 15    God:
Gold:   64         SH:  0    Dex: 14    Spells: 4/11 levels left

rFire    . . .     SeeInvis .   i - +0 spear
rCold    . . .     Gourm    .   (no shield)
rNeg     + . .     Faith    .   (armour unavailable)
rPois    .         Spirit   .   (helmet restricted)
rElec    .         Reflect  .   f - +1 cloak
rCorr    .         Harm     .   e - +1 pair of gloves
MR       .....                  (no boots)
Stlth    +++.......             (no amulet)
Regen    0.2/turn               k - ring of positive energy
MPRegen  0.2/turn               l - ring of stealth

@: no status effects
A: unfitting armour, cold-blooded, AC +6
a: no special abilities


You were on level 3 of the Dungeon.
You were not hungry.

You visited 1 branch of the dungeon, and saw 4 of its levels.

You collected 64 gold pieces.

Inventory:

Hand Weapons
 i - a +0 spear (weapon)
Armour
 e - a +1 pair of gloves (worn)
 f - a +1 cloak (worn)
Jewellery
 k - a ring of positive energy (left hand)
 l - a ring of stealth (right hand)
Wands
 c - a wand of clouds (3/9)
Scrolls
 g - a scroll of teleportation
Books
 a - a book of Flames

   Spells                             Type                      Level
   a - Flame Tongue                   Conjuration/Fire             1
   b - Throw Flame                    Conjuration/Fire             2
   c - Conjure Flame                  Conjuration/Fire             3
   d - Inner Flame                    Hexes/Fire                   3
   e - Sticky Flame                   Conjuration/Fire             4
   f - Fireball                       Conjuration/Fire             5
Comestibles
 b - 2 bread rations
 d - 3 meat rations
 h - a chunk of flesh
 j - a royal jelly


   Skills:
 + Level 0.9 Fighting
   Level 0.2 Short Blades
 + Level 1.1 Polearms
 + Level 2.4 Dodging
 + Level 2.5 Stealth
 - Level 0.2 Unarmed Combat
 * Level 3.0 Spellcasting
 * Level 2.4 Conjurations
 * Level 4.6 Fire Magic


You had 4 spell levels left.
You knew the following spells:

 Your Spells              Type           Power        Failure   Level  Hunger
a - Flame Tongue          Conj/Fire      ##...        6%          1    #......
b - Throw Flame           Conj/Fire      ##....       10%         2    ##.....
c - Sticky Flame          Conj/Fire      ##......     54%         4    #####..


Dungeon Overview and Level Annotations

Branches:
Dungeon (4/15)
 Temple: D:4-7

Altars:
Gozag


Innate Abilities, Weirdness & Mutations

Your plain brown scales are hard. (AC +6)
You cannot fit into any form of body armour.
You are cold-blooded and may be slowed by cold attacks.


Message History

The orc wizard hits you but does no damage.
You feel better. The orc wizard misses you.
The orc priest mumbles some strange prayers to Beogh against you.
Pain shoots through your body!
* * * LOW HITPOINT WARNING * * *
You barely miss the orc priest.
The orc priest is severely wounded.
The orc wizard hits you but does no damage.
The orc priest hits you with a club.
* * * LOW HITPOINT WARNING * * *
The orc wizard closely misses you.
Casting: Flame Tongue
Confirm with . or Enter, or press ? or * to list all spells.
Aiming: Flame Tongue
Press: ? - help, Shift-Dir - straight line, f - orc priest
Aim: an orc priest, wielding a club and wearing a leather armour (severely wounded)
The flame tongue hits the orc priest.
The orc priest is almost dead.
The orc wizard closely misses you. The orc priest hits you with a club.
You die...

####### #.....#################
#######.###....o@ol..^......#
........###################.#
.#####..............#######.##
.......................<.....####
..#####.###########.#######......
..# #"...# #.# #.##### ..# ####.#
#.# #.# ..# #.# #.# #.# ..# #.#
#.# #.#


You could see an iguana, an orc priest and an orc wizard.

Vanquished Creatures
  A worker ant (D:3)
  Natasha (twice) (D:2)
  Robin (D:2)
  4 gnolls (D:3)
  4 adders
  A shadow imp (D:3)
  2 oozes
  3 worms
  2 dart slugs
  3 leopard geckos (D:3)
  An orc (D:3)
  A giant cockroach (D:3)
  15 goblins
  12 hobgoblins
  7 jackals
  5 kobolds
  A ball python (D:2)
  6 bats
  2 frilled lizards (D:2)
  9 rats
82 creatures vanquished.

Notes
Turn   | Place    | Note
-------+----------+-------------------------------------------
     0 | D:1      | JeffiDaFish the Draconian Fire Elementalist began the quest for the Orb.
     0 | D:1      | Reached XP level 1. HP: 14/14 MP: 3/3
   449 | D:1      | Reached XP level 2. HP: 14/20 MP: 5/5
   701 | D:1      | Learned a level 2 spell: Throw Flame
  1186 | D:2      | Reached XP level 3. HP: 26/26 MP: 3/6
  1255 | D:2      | Noticed Natasha
  1270 | D:2      | Killed Natasha
  1729 | D:2      | Reached XP level 4. HP: 25/33 MP: 4/7
  1825 | D:2      | Noticed Natasha
  1836 | D:2      | Killed Natasha
  1836 | D:2      | Reached skill level 4 in Fire Magic
  1904 | D:2      | Found an opulent altar of Gozag.
  1905 | D:2      | Noticed Robin
  1934 | D:2      | Killed Robin
  2000 | D:2      | Learned a level 4 spell: Sticky Flame
  2066 | D:2      | Reached XP level 5. HP: 38/38 MP: 0/9
  2891 | D:3      | Reached skill level 1 in Polearms
  2981 | D:3      | Found a faded altar of an unknown god.
  3012 | D:3      | Reached XP level 6. HP: 46/46 MP: 10/10
  3285 | D:3      | HP: 2/46 [orc priest/divine providence (14)]
  3288 | D:3      | Slain by an orc priest

Vault maps used:
D:1:      lightli_arrival_lavapool, minmay_statues_item, kennysheep_boxes
D:2:      nicolae_gozag_seed_capital, uniq_robin, uniq_natasha
D:3:      chequers_ecumenical_altar_twisty, serial_park_tiny_2
D:4:      minmay_wonky_spiral, fedhas_altar_4, lemuel_crystal_altar, tgw_trog

Skill      XL: |  1  2  3  4  5 |
---------------+----------------+-----
Dodging        | 2 |  2.4
Stealth        | 2 |  2.5
Fire Magic     | 4 |  4.6
Conjurations   | 2 |  2.4
Spellcasting   | 3 |  3.0
Polearms       | 1 |  1.1
Fighting       | |  0.9
Short Blades   | |  0.2
Unarmed Combat | |  0.2

Action                   |  1- 3 |  4- 6 || total
-------------------------+-------+-------++-------
Melee: Unarmed           |    26 |       ||    26
       Tailslap          |    11 |    10 ||    21
       Dagger            |    19 |       ||    19
       Spear             |    20 |   102 ||   122
 Cast: Flame Tongue      |    29 |    45 ||    74
       Throw Flame       |    13 |    26 ||    39
  Use: Scroll            |     3 |     4 ||     7
       Potion            |     1 |     7 ||     8
 Stab: Sleeping          |       |     1 ||     1
  Eat: Chunk             |     4 |     7 ||    11
Armor: Skin              |    25 |    46 ||    71
Dodge: Dodged            |    41 |    76 ||   117
